 Dungeon Crawl Stone Soup version 0.18.1-47-g9310371 (webtiles) character file.

52784 sarahorange the Thaumaturge (level 14, -5/101 HPs)
             Began as a Demonspawn Wizard on June 19, 2016.
             Was the Champion of Makhleb.
             Slain by a harpy (16 damage)
             ... on level 3 of the Shoals.
             The game lasted 04:02:31 (16816 turns).

sarahorange the Thaumaturge (Demonspawn Wizard)    Turns: 16816, Time: 04:02:31

Health: -5/101     AC: 15    Str: 16    XL:     14   Next: 28%
Magic:  29/30      EV: 16    Int: 24    God:    Makhleb [******]
Gold:   181        SH:  0    Dex: 12    Spells: 10 memorised, 10 levels left

rFire  + . .     SeeInvis .     x - +7 short sword (venom)
rCold  + + .     Gourm    .     T - +0 leather armour of the Red Skies {rPois rC+ Str+3}
rNeg   . . .     Faith    .     (no shield)
rPois  +         Spirit   .     b - +2 hat
rElec  .         Dismiss  .     M - +0 cloak
rCorr  .         Reflect  .     Z - +0 pair of gloves
SustAt .         Harm     .     R - +2 pair of boots
MR     ++...                    y - amulet of magic regeneration
Stlth  +++.......               t - ring of protection from cold
                                J - ring of protection from magic

@: mighty, studying Staves, very resistant to hostile enchantments, fairly
stealthy
A: horns 2, slimy green scales 3, fire resistance 1, ignite blood, mutation
resistance 1, spiny 2, flame cloud immunity, MP-powered wands
a: Minor Destruction, Lesser Servant of Makhleb, Major Destruction, Greater
Servant of Makhleb, Renounce Religion


You were on level 3 of the Shoals.
You worshipped Makhleb.
Makhleb was exalted by your worship.
You were not hungry.

You visited 3 branches of the dungeon, and saw 17 of its levels.
You visited 1 bazaar.
You also visited: Sewer and Ice Cave.

You collected 1216 gold pieces.
You spent 1035 gold pieces at shops.

Inventory:

Hand Weapons
 x - a +7 short sword of venom (weapon)
 H - a +2 morningstar of protection
Missiles
 u - 12 javelins
 X - 4 javelins of penetration (quivered)
Armour
 b - a +2 hat (worn)
 B - a +1 troll leather armour {Purgy}
 M - a +0 cloak (worn)
 R - a +2 pair of boots (worn)
 T - the +0 leather armour of the Red Skies (worn) {rPois rC+ Str+3}
   (You found it on level 9 of the Dungeon)

   It affects your strength (+3).
   It protects you from cold.
   It protects you from poison.
 Z - a +0 pair of gloves (worn)
Jewellery
 g - an uncursed ring of protection from fire
 o - an uncursed ring of ice
 t - a ring of protection from cold (right hand)
 y - an amulet of magic regeneration (around neck)
 J - a ring of protection from magic (left hand)
Wands
 i - a wand of slowing (21/48)
 k - a wand of lightning (4/15)
 l - a wand of lightning (7/15)
 C - a wand of polymorph (19/24)
 I - a wand of teleportation (6/9)
 S - a wand of iceblast (7/15)
Scrolls
 a - 3 scrolls of enchant weapon
 f - a scroll of recharging
 h - 2 scrolls of blinking
 w - 5 scrolls of remove curse
 G - 3 scrolls of magic mapping
 K - 4 scrolls of teleportation
 P - a scroll of amnesia
Potions
 q - 5 potions of curing
 r - 3 potions of flight {unknown}
 s - 2 potions of cancellation {unknown}
 v - a potion of might
 z - a potion of invisibility {unknown}
 D - 2 potions of brilliance
 E - a potion of resistance {unknown}
 L - a potion of berserk rage {unknown}
Books
 c - a book of Minor Magic

   Spells                             Type                      Level
   a - Magic Dart                     Conjuration                  1
   b - Blink                          Translocation                2
   c - Call Imp                       Summoning                    2
   d - Repel Missiles                 Charms/Air                   2
   e - Slow                           Hexes                        2
   f - Conjure Flame                  Conjuration/Fire             3
   g - Mephitic Cloud                 Conjuration/Poison/Air       3
 j - a book of Dreams

   Spells                             Type                      Level
   a - Ensorcelled Hibernation        Hexes/Ice                    2
   b - Silence                        Hexes/Air                    5
   c - Darkness                       Hexes                        6
   d - Shadow Creatures               Summoning                    6
 m - a book of Clouds

   Spells                             Type                      Level
   a - Mephitic Cloud                 Conjuration/Poison/Air       3
   b - Conjure Flame                  Conjuration/Fire             3
   c - Poisonous Cloud                Conjuration/Poison/Air       6
   d - Freezing Cloud                 Conjuration/Ice/Air          6
   e - Ring of Flames                 Charms/Fire                  7
 F - a book of the Warp

   Spells                             Type                      Level
   a - Recall                         Summoning/Translocation      3
   b - Gell's Gravitas                Hexes/Translocation          3
   c - Force Lance                    Conjuration/Translocation    4
   d - Warp Weapon                    Charms/Translocation         5
   e - Summon Forest                  Summoning/Translocation      5
 N - a book of Misfortune

   Spells                             Type                      Level
   a - Confusing Touch                Hexes                        2
   b - Confuse                        Hexes                        3
   c - Gell's Gravitas                Hexes/Translocation          3
   d - Petrify                        Transmutation/Earth          4
   e - Metabolic Englaciation         Hexes/Ice                    5
   f - Yara's Violent Unravelling     Hexes/Transmutation          5
 O - a manual of Staves
 Q - a book of Death

   Spells                             Type                      Level
   a - Corpse Rot                     Necromancy                   2
   b - Sublimation of Blood           Necromancy                   2
   c - Agony                          Necromancy                   5
   d - Dispel Undead                  Necromancy                   5
   e - Excruciating Wounds            Charms/Necromancy            5
   f - Bolt of Draining               Conjuration/Necromancy       5
 V - a Fen Folio

   Spells                             Type                      Level
   a - Corpse Rot                     Necromancy                   2
   b - Stone Arrow                    Conjuration/Earth            3
   c - Leda's Liquefaction            Hexes/Earth                  4
   d - Summon Forest                  Summoning/Translocation      5
   e - Hydra Form                     Transmutation                6
   f - Summon Hydra                   Summoning                    7
 W - a book of Cantrips

   Spells                             Type                      Level
   a - Corona                         Hexes                        1
   b - Animate Skeleton               Necromancy                   1
   c - Summon Small Mammal            Summoning                    1
   d - Apportation                    Translocation                1
Miscellaneous
 e - a crystal ball of energy
 U - a plain deck of wonders
Comestibles
 p - 9 meat rations
 A - 11 fruits
 Y - a bread ration


   Skills:
 + Level 6.8 Fighting
 + Level 6.3 Short Blades
 + Level 4.3 Throwing
 + Level 4.9 Armour
 + Level 9.4 Dodging
 + Level 5.3 Stealth
 + Level 12.1 Spellcasting
 + Level 11.5 Conjurations
 + Level 0.8 Hexes
 + Level 1.8 Summonings
 + Level 1.4 Necromancy
 + Level 4.4 Translocations
 + Level 0.3 Fire Magic
 + Level 2.6 Air Magic
 + Level 3.2 Poison Magic
 + Level 5.0 Invocations
 + Level 2.6 Evocations


You had 10 spell levels left.
You knew the following spells:

 Your Spells              Type           Power        Failure   Level  Hunger
a - Magic Dart            Conj           ####         1%          1    None
b - Blink                 Tloc           N/A          1%          2    None
c - Call Imp              Summ           ###.....     4%          2    None
d - Conjure Flame         Conj/Fire      #####...     1%          3    None
e - Mephitic Cloud        Conj/Pois/Air  #####...     1%          3    None
f - Slow                  Hex            ###.....     8%          2    None
g - Gell's Gravitas       Hex/Tloc       ####......   6%          3    None
h - Force Lance           Conj/Tloc      ######..     1%          4    None
i - Repel Missiles        Chrm/Air       ###...       6%          2    None
j - Bolt of Draining      Conj/Necr      #####.....   12%         5    ###....


Dungeon Overview and Level Annotations

Branches:
Dungeon (11/15)            Temple (0/1) D:7            Lair (3/8) D:11
 Shoals (3/4) Lair:3
  Snake: Lair:3-6    Spider: Lair:3-6       Orc: D:9-12

Altars:
Gozag
Makhleb
Nemelex Xobeh
Trog
Xom
Zin

Shops:
D:6 :   Shoals:1 [!


Innate Abilities, Weirdness & Mutations

You have a pair of horns on your head.
You are completely covered in slimy green scales (AC +4, rPois).
Your flesh is heat resistant.
Your demonic aura causes spilled blood to erupt in flames.
You are mostly covered in sharp spines.
You are immune to clouds of flame.
You are somewhat resistant to further mutation.
You expend magic power (3 MP) to strengthen your wands.


Message History

The harpy closely misses you. The harpy is struck by your spines.
The harpy misses you. The harpy closely misses you.
Drink which item? (? for menu, Esc to quit)
You feel very mighty all of a sudden.
The harpy is engulfed in a cloud of scalding steam.
The harpy barely misses you. The harpy claws you.
* * * LOW HITPOINT WARNING * * *
The harpy is engulfed in a cloud of scalding steam.
The harpy is struck by your spines. The harpy claws you.
* * * LOW HITPOINT WARNING * * *
The harpy barely misses you.
The harpy is engulfed in a cloud of scalding steam.
The harpy is struck by your spines. The harpy misses you.
The harpy closely misses you.
The harpy is engulfed in a cloud of scalding steam.
The harpy is struck by your spines. The harpy misses you. The harpy claws you!
* * * LOW HITPOINT WARNING * * *
The harpy is engulfed in a cloud of scalding steam. x2
The harpy claws you!
You die...

≈≈≈>,,≈≈≈,,,≈≈≈≈≈≈≈≈≈≈,,,,,,..≈≈≈
≈≈≈≈≈≈≈≈≈≈≈≈≈≈≈≈≈≈≈≈≈..,,≈≈≈.≈≈≈≈
≈≈≈≈≈≈≈≈≈≈≈≈≈≈≈≈≈≈≈≈≈≈***,≈≈≈E≈≈≈
≈≈≈≈≈≈≈≈≈≈≈≈≈≈≈≈≈≈≈≈≈.##..≈≈≈≈.≈≈
≈≈≈≈≈≈≈≈≈≈≈,*§§≈≈≈≈≈≈....≈≈≈≈≈≈≈≈
≈≈≈≈≈≈≈≈≈≈≈.##≈≈≈≈..≈≈≈≈≈≈≈≈≈≈≈≈≈
≈≈≈≈≈≈≈≈≈≈≈...H≈≈.,..≈≈≈≈≈≈≈≈≈≈≈≈
≈≈≈≈≈≈≈≈≈≈≈≈..§§H#*#^.≈≈≈≈≈≈≈≈≈≈≈
≈≈≈≈≈≈≈≈≈≈≈≈≈≈§H@# #..≈≈≈≈≈≈≈≈≈≈≈
≈≈≈≈≈≈≈≈≈≈≈≈≈≈§§§###.≈≈≈≈≈≈≈≈≈≈≈≈
≈≈≈≈≈≈≈≈≈≈≈≈≈≈≈≈≈...≈≈≈≈≈≈≈≈≈≈≈≈≈
≈≈≈≈≈≈≈≈≈≈≈≈≈≈≈≈≈≈≈≈≈≈≈≈≈≈≈≈≈≈≈≈≈
≈≈≈≈≈≈≈≈≈≈≈≈≈≈≈≈≈≈≈≈≈≈≈≈≈≈≈≈≈≈≈≈≈
≈≈≈≈≈≈≈≈≈≈≈≈≈≈≈≈≈≈≈≈≈≈≈≈≈≈≈≈≈≈≈≈≈
≈≈≈≈≈≈≈≈≈≈≈≈≈≈≈≈≈≈≈≈≈≈≈≈≈≈≈≈≈≈≈≈≈
≈≈≈≈≈≈≈≈≈≈≈≈≈≈≈≈≈≈≈≈≈≈≈≈≈≈≈≈≈≈≈≈≈
≈≈≈≈≈≈≈≈≈≈≈≈≈≈≈≈≈≈≈≈≈≈≈≈≈≈≈≈≈≈≈≈≈


You could see 3 harpies.

Vanquished Creatures
  A frost giant (IceCv)
  A merfolk impaler (Shoals:2)
  2 hydras
  An alligator snapping turtle (Shoals:1)
  2 merfolk avatars
  8 death yaks
  A queen ant (Lair:3)
  A merfolk aquamancer (Shoals:2)
  Urug (Lair:2)
  6 sea snakes
  2 hill giants
  9 harpies
  7 fauns
  6 griffons
  5 manticores
  A cyclops (Shoals:2)
  2 black mambas (Lair:1)
  8 sirens
  4 water nymphs
  A centaur skeleton (D:10)
  2 komodo dragons
  7 merfolk
  3 trolls
  16 polar bears (IceCv)
  2 snapping turtles (Shoals:2)
  Prince Ribbit (Lair:3)
  2 blink frogs (Lair:3)
  Sigmund (D:6)
  7 water elementals
  22 yaks
  3 basilisks
  6 hippogriffs
  9 soldier ants
  6 porcupines
  Duvessa (D:6)
  3 water moccasins
  Purgy (Sewer)
  A black bear (Lair:3)
  11 ice beasts
  A sky beast (D:9)
  2 orc warriors
  A phantom (D:6)
  A necrophage (D:6)
  A wasp (D:9)
  3 ogres
  4 centaurs
  11 wolves (IceCv)
  7 crocodiles
  8 giant frogs
  2 big kobolds
  Dowan (D:6)
  5 scorpions
  8 wights
  3 howler monkeys
  4 crimson imps
  A quasit (D:10)
  A wasp zombie (D:7)
  A giant frog zombie (D:6)
  2 jellies
  6 hounds
  8 orc priests
  6 orc wizards
  5 iguanas
  23 worker ants
  2 sheep (Shoals:2)
  A hound zombie (D:11)
  2 hound skeletons
  A howler monkey zombie (D:10)
  3 worker ant zombies
  4 gnolls (D:6)
  6 adders
  2 howler monkey skeletons
  25 river rats
  A shadow imp (D:11)
  2 oozes
  An adder skeleton (D:4)
  6 worms
  3 dart slugs
  8 giant geckos
  27 orcs
  7 giant cockroaches
  8 goblins
  8 hobgoblins
  6 jackals
  7 quokkas
  2 ball pythons
  6 bats
  A giant gecko zombie (D:5)
  9 giant newts
  15 kobolds
  A quokka zombie (D:5)
  10 rats
462 creatures vanquished.

Vanquished Creatures (collateral kills)
  Eustachio (D:6)
1 creature vanquished.

Vanquished Creatures (others)
  A merfolk (Shoals:2)
  2 wolves (IceCv)
  2 fungi (Lair:3)
  10 plants
15 creatures vanquished.

Grand Total: 478 creatures vanquished

Notes
Turn   | Place    | Note
--------------------------------------------------------------
     0 | D:1      | sarahorange the Demonspawn Wizard began the quest for the Orb.
     0 | D:1      | Reached XP level 1. HP: 13/13 MP: 4/4
   304 | D:1      | Gained mutation: You are partially covered in sharp spines. [demonic ancestry]
   304 | D:1      | Reached XP level 2. HP: 19/19 MP: 0/6
   310 | D:1      | Learned a level 2 spell: Blink
   313 | D:1      | Learned a level 2 spell: Call Imp
   915 | D:1      | Gained mutation: You have a pair of small horns on your head. [demonic ancestry]
   915 | D:1      | Reached XP level 3. HP: 24/24 MP: 4/7
  1348 | D:2      | Learned a level 3 spell: Conjure Flame
  1914 | D:2      | Gained mutation: Your flesh is heat resistant. [demonic ancestry]
  1914 | D:2      | Reached XP level 4. HP: 30/30 MP: 3/9
  1975 | D:2      | Found a bloodstained altar of Trog.
  2431 | D:3      | Noticed Sigmund
  2705 | D:3      | Reached skill level 1 in Throwing
  2757 | D:3      | Reached skill level 4 in Spellcasting
  2757 | D:3      | Gained mutation: You are partially covered in slimy green scales (AC +2). [demonic ancestry]
  2757 | D:3      | Reached XP level 5. HP: 33/35 MP: 8/11
  2855 | D:3      | Found a glowing drain.
  2869 | Sewer    | Entered a sewer
  3002 | Sewer    | Noticed Purgy
  3011 | Sewer    | Killed Purgy
  3011 | Sewer    | Reached skill level 1 in Fighting
  3347 | D:3      | Reached XP level 6. HP: 43/43 MP: 9/12
  3847 | D:4      | Gained mutation: You expend magic power (3 MP) to strengthen your wands. [potion of mutation]
  3847 | D:4      | Gained mutation: You are somewhat resistant to further mutation. [potion of mutation]
  4167 | D:4      | Found an opulent altar of Gozag.
  4279 | D:5      | Entered Level 5 of the Dungeon
  4373 | D:5      | Reached XP level 7. HP: 12/48 MP: 11/14
  4640 | D:5      | Learned a level 3 spell: Mephitic Cloud
  4684 | D:5      | Reached skill level 5 in Spellcasting
  4724 | D:5      | Reached skill level 1 in Short Blades
  4724 | D:5      | Reached skill level 1 in Armour
  4778 | D:5      | Found a burning altar of Makhleb.
  4790 | D:5      | Became a worshipper of Makhleb the Destroyer
  5081 | D:6      | Gained mutation: You are mostly covered in sharp spines. [demonic ancestry]
  5081 | D:6      | Reached XP level 8. HP: 56/56 MP: 13/16
  5299 | D:6      | Noticed Duvessa
  5301 | D:6      | Noticed Dowan
  5306 | D:6      | Killed Duvessa
  5309 | D:6      | Killed Dowan
  5355 | D:6      | Reached skill level 6 in Spellcasting
  5355 | D:6      | Reached skill level 5 in Conjurations
  5462 | D:6      | Killed Sigmund
  5678 | D:6      | Reached * piety under Makhleb
  5727 | D:6      | Noticed Eustachio
  5740 | D:6      | Killed Eustachio
  5740 | D:6      | Gained mutation: You are immune to clouds of flame. [demonic ancestry]
  5740 | D:6      | Reached XP level 9. HP: 62/62 MP: 12/18
  5773 | D:6      | Found a sparkling altar of Nemelex Xobeh.
  5779 | D:6      | Found Willuar's Book Emporium.
  5787 | D:6      | Bought a book of Misfortune for 260 gold pieces
  5794 | D:6      | Learned a level 2 spell: Slow
  6122 | D:7      | Reached skill level 5 in Dodging
  6522 | D:7      | Found a staircase to the Ecumenical Temple.
  6529 | D:7      | Reached ** piety under Makhleb
  7048 | D:8      | Learned a level 3 spell: Gell's Gravitas
  7119 | D:8      | Reached skill level 7 in Spellcasting
  7569 | D:9      | Noticed an angel
  7570 | D:9      | Found a glowing silver altar of Zin.
  7570 | D:9      | Found a shimmering altar of Xom.
  7625 | D:9      | Reached *** piety under Makhleb
  7819 | D:9      | Noticed a hill giant
  7840 | D:8      | Killed a hill giant
  7840 | D:8      | Reached skill level 1 in Translocations
  7840 | D:8      | Gained mutation: Your demonic aura causes spilled blood to erupt in flames. [demonic ancestry]
  7840 | D:8      | Reached XP level 10. HP: 45/70 MP: 19/21
  8158 | D:9      | Got a distressingly furry leather armour
  8169 | D:9      | Identified the cursed +0 leather armour of the Red Skies {rPois rC+ Str+3} (You found it on level 9 of the Dungeon)
  8198 | D:9      | Reached skill level 1 in Evocations
  8349 | D:9      | Reached skill level 1 in Invocations
  8513 | D:10     | Entered Level 10 of the Dungeon
  8559 | D:10     | Reached skill level 8 in Spellcasting
  8671 | D:9      | Learned a level 4 spell: Force Lance
  9009 | D:10     | Noticed a hill giant
  9017 | D:10     | Killed a hill giant
  9153 | D:10     | Reached **** piety under Makhleb
  9315 | D:10     | Gained mutation: You have a pair of horns on your head. [demonic ancestry]
  9315 | D:10     | Reached XP level 11. HP: 64/78 MP: 20/23
  9717 | D:11     | Found a staircase to the Lair.
  9738 | D:11     | Reached skill level 1 in Poison Magic
  9973 | Lair:1   | Entered Level 1 of the Lair of Beasts
 10168 | Lair:1   | Noticed an eight-headed hydra
 10186 | Lair:1   | Killed an eight-headed hydra
 10186 | Lair:1   | Reached skill level 9 in Spellcasting
 10803 | Lair:2   | Noticed Urug
 10820 | Lair:2   | Killed Urug
 11166 | Lair:2   | Reached ***** piety under Makhleb
 11700 | Lair:3   | Reached skill level 5 in Short Blades
 11833 | Lair:3   | Noticed a queen ant
 11875 | Lair:3   | Killed a queen ant
 11899 | Lair:3   | Noticed a death yak
 11899 | Lair:3   | Noticed a death yak
 11900 | Lair:3   | Noticed a death yak
 11901 | Lair:3   | Noticed a death yak
 11903 | Lair:3   | Noticed a death yak
 11906 | Lair:3   | Noticed a death yak
 11914 | Lair:3   | Killed a death yak
 11914 | Lair:3   | Reached skill level 5 in Fighting
 11914 | Lair:3   | Gained mutation: You are mostly covered in slimy green scales (AC +3). [demonic ancestry]
 11914 | Lair:3   | Reached XP level 12. HP: 69/86 MP: 19/25
 11928 | Lair:3   | Killed a death yak
 11928 | Lair:3   | Reached skill level 10 in Spellcasting
 11934 | Lair:3   | Killed a death yak
 11934 | Lair:3   | Reached skill level 1 in Air Magic
 11940 | Lair:3   | Killed a death yak
 11947 | Lair:3   | Killed a death yak
 11953 | Lair:3   | Killed a death yak
 12174 | Lair:3   | Noticed Prince Ribbit
 12181 | Lair:3   | Killed Prince Ribbit
 12222 | Lair:3   | Found a frozen archway.
 12266 | IceCv    | Entered an ice cave
 12482 | IceCv    | Reached ****** piety under Makhleb
 12482 | IceCv    | Reached skill level 10 in Conjurations
 12547 | IceCv    | Noticed a death yak
 12567 | IceCv    | Killed a death yak
 12838 | IceCv    | Noticed a frost giant
 12838 | IceCv    | Noticed a death yak
 12855 | IceCv    | Reached skill level 5 in Stealth
 12862 | IceCv    | Killed a death yak
 12862 | IceCv    | Gained mutation: You are completely covered in slimy green scales (AC +4, rPois). [demonic ancestry]
 12862 | IceCv    | Reached XP level 13. HP: 93/93 MP: 9/27
 12869 | IceCv    | Killed a frost giant
 13114 | Lair:3   | Reached skill level 11 in Spellcasting
 13179 | Lair:3   | Found a staircase to the Shoals.
 13760 | Shoals:1 | Entered Level 1 of the Shoals
 13760 | Shoals:1 | Found Kaoreug's Antique Armour Boutique.
 13797 | Shoals:1 | Found a flickering gateway to a bazaar.
 13806 | Bazaar   | Entered a bazaar
 13820 | Bazaar   | Found Coutant's Jewellery Shoppe.
 13911 | Bazaar   | Found Poeseuc's Antique Armour Emporium.
 13927 | Bazaar   | Found Abophim's Book Shoppe.
 13927 | Bazaar   | Found Gaump's Armour Emporium.
 13938 | Bazaar   | Bought a book of Clouds for 675 gold pieces
 13946 | Bazaar   | Learned a level 2 spell: Repel Missiles
 14713 | Shoals:1 | Learned a level 5 spell: Bolt of Draining
 14732 | Shoals:1 | Found Kaxameof's Distillery.
 14742 | Shoals:1 | Bought a potion of heal wounds for 100 gold pieces
 15711 | Shoals:2 | Noticed a merfolk impaler
 15726 | Shoals:2 | Killed a merfolk impaler
 15807 | Shoals:2 | Reached skill level 1 in Necromancy
 15807 | Shoals:2 | Reached XP level 14. HP: 88/101 MP: 29/29
 15817 | Shoals:2 | Reached skill level 5 in Invocations
 16555 | Shoals:2 | Reached skill level 12 in Spellcasting
 16816 | Shoals:3 | Slain by a harpy

Skill      XL: |  1  2  3  4  5  6  7  8  9 10 11 12 13 14 |
---------------+-------------------------------------------+-----
Dodging        | 2 3 4 5 7 8 9 |  9.4
Stealth        | 2 3 4 5 |  5.3
Throwing       | 1 2 3 4 |  4.3
Spellcasting   | 4 5 6 7 8 9 10 11 12 | 12.1
Conjurations   | 2 3 4 5 6 7 9 10 11 | 11.5
Fighting       | 1 2 3 4 5 6 |  6.8
Short Blades   | 1 2 3 4 5 6 |  6.3
Armour         | 1 2 3 4 |  4.9
Translocations | 1 2 4 |  4.4
Evocations     | 1 2 |  2.6
Invocations    | 1 3 4 5 |  5.0
Poison Magic   | 1 2 3 |  3.2
Air Magic      | 1 2 |  2.6
Necromancy     | 1 |  1.4
Hexes          | |  0.8
Summonings     | |  1.8
Fire Magic     | |  0.3

Action                   |  1- 3 |  4- 6 |  7- 9 | 10-12 | 13-15 || total
-------------------------+-------+-------+-------+-------+-------++-------
Melee: Dagger            |    27 |       |       |       |       ||    27
       Headbutt          |     6 |     8 |    13 |    67 |    28 ||   122
       Short sword       |       |    76 |   152 |   379 |   164 ||   771
Throw: Javelin           |     7 |     4 |     5 |    23 |    25 ||    64
       Stone             |     8 |     4 |       |       |       ||    12
 Cast: Magic Dart        |    79 |   112 |   164 |   301 |   124 ||   780
       Conjure Flame     |       |     2 |       |       |     2 ||     4
       Call Imp          |       |     2 |     2 |       |     1 ||     5
       Mephitic Cloud    |       |       |     6 |    25 |    15 ||    46
       Force Lance       |       |       |       |    33 |    46 ||    79
       Gell's Gravitas   |       |       |       |     1 |       ||     1
       Bolt of Draining  |       |       |       |       |    16 ||    16
       Slow              |       |       |       |       |     1 ||     1
       Repel Missiles    |       |       |       |       |     1 ||     1
Invok: Minor Destruction |       |       |       |    11 |     6 ||    17
       Lesser Servant of |       |       |       |       |     2 ||     2
Evoke: Wand              |       |       |     4 |    15 |     4 ||    23
  Use: Scroll            |     5 |     5 |     4 |    12 |     8 ||    34
       Potion            |     1 |     3 |     7 |     5 |     8 ||    24
 Stab: Sleeping          |       |     2 |       |     2 |       ||     4
       Confused          |       |       |       |     7 |       ||     7
  Eat: Chunk             |     3 |     2 |     7 |    15 |     4 ||    31
       Meat ration       |       |     1 |       |       |     1 ||     2
       Fruit             |       |     1 |     1 |     1 |       ||     3
       Pizza             |       |       |     1 |     2 |     3 ||     6
       Beef jerky        |       |       |     1 |       |     1 ||     2
Armor: Robe              |     3 |     9 |       |       |       ||    12
       Troll leather arm |       |     7 |    52 |    10 |       ||    69
       Leather armour    |       |       |       |    69 |    85 ||   154
Dodge: Dodged            |     8 |    49 |   100 |   169 |   173 ||   499
       Deflected         |       |       |       |       |     6 ||     6
